 Dungeon Crawl Stone Soup version 0.18-a0-1481-g708b138 (webtiles) character file.

55 Duffy the Twirler (level 3, 0/32 HPs)
             Began as a Naga Wanderer on Mar 2, 2016.
             Slain by a jackal (1 damage)
             ... on level 1 of the Dungeon.
             The game lasted 00:02:04 (2182 turns).

Duffy the Twirler (Naga Wanderer)                   Turns: 2182, Time: 00:02:04

Health: 0/32       AC:  5    Str: 18    XL:     3   Next: 93%
Magic:  3/3        EV:  5    Int: 12    God:
Gold:   70         SH:  0    Dex:  7    Spells: 0 memorised, 2 levels left

rFire  . . .     SeeInvis +     b - +0 quarterstaff
rCold  . . .     Gourm    .     j - +0 chain mail
rNeg   . . .     Faith    .     (shield currently unavailable)
rPois  +         Spirit   .     (no helmet)
rElec  .         Dismiss  .     (no cloak)
rCorr  .         Reflect  .     (no gloves)
SustAt .         Harm     .     (no barding)
MR     .....                    (no amulet)
Stlth  ..........               (no ring)
                                (no ring)

@: very slow, not resistant to hostile enchantments, extremely unstealthy
A: see invisible, deformed body, poison resistance, slowness 2, slow metabolism
1, spit poison 2, AC +1
a: Spit Poison


You were on level 1 of the Dungeon.
You were not hungry.

You visited 1 branch of the dungeon, and saw 2 of its levels.

You collected 70 gold pieces.


Innate Abilities, Weirdness & Mutations

You cannot wear boots.
Your serpentine skin is tough (AC +1).
You have supernaturally acute eyesight.
Armour fits poorly on your strangely shaped body.
Your system is resistant to poisons.
You cover ground very slowly.
You have a slow metabolism.
You can spit poison.


   Skills:
 - Level 2.0 Fighting
 - Level 2.0(3.3) Maces & Flails
 + Level 4.1(4.3) Staves
 - Level 1.0 Armour
 - Level 1.0 Dodging
 - Level 1.5 Stealth
 - Level 1.0 Evocations


You had 2 spell levels left.
You didn't know any spells.

Inventory:

Hand Weapons
 b - a +0 quarterstaff (weapon)
 c - a +0 mace
Armour
 d - a +0 robe
 j - a +0 chain mail (worn)
Scrolls
 e - a scroll of remove curse {unknown}
 g - a scroll of magic mapping {unknown}
 h - a scroll of teleportation {unknown}
 k - a scroll of identify {unknown}
 n - 3 scrolls of fog {unknown}
 o - a scroll of random uselessness {unknown}
Potions
 i - 2 potions of heal wounds {unknown}
 l - a potion of curing {unknown}
 m - a potion of ambrosia {unknown}
Miscellaneous
 a - a lamp of fire
Comestibles
 f - a bread ration

Dungeon Overview and Level Annotations

Branches:
Dungeon (2/15)

Altars:

Annotations:
D:2 Jessica


Message History

Jessica gestures at you while chanting.
You barely resist.
The jackal bites you but does no damage.
The rat bites you but does no damage. The goblin hits you with a club.
Things that are here:
a club; a hobgoblin corpse The jackal barely misses you.
The rat barely misses you. The jackal completely misses you.
The jackal bites you but does no damage.
The jackal bites you but does no damage.
The jackal bites you but does no damage.
The jackal barely misses you.
Jessica mumbles some strange words.
Jessica blinks!
The rat bites you but does no damage. The goblin hits you with a club.
The jackal bites you but does no damage. x2
Jessica hits you but does no damage. The jackal bites you.
The jackal bites you but does no damage.
The quokka bites you.
The jackal bites you but does no damage.
The quokka barely misses you. The jackal bites you.
Jessica hits you with a dagger. The jackal barely misses you.
The jackal bites you but does no damage.
There is a stone staircase leading up here.
The jackal bites you but does no damage.
The jackal bites you.
The jackal bites you but does no damage.
You climb upwards.
There is a stone staircase leading down here.
You closely miss the jackal.
The jackal is heavily wounded.
The jackal bites you but does no damage.
The jackal bites you.
You die...

.......######..#..#...#...#...#..
.......# ##.#..##'#######'###'
.......# #....#...#...#..[#..
.......# ##...#...#...'...#..
.......# #...#...#...#...#..
.......# #...##'###########'
.......# ##..#...#...#...#..
.......# #hh#...#...'...'.}
.......# #@.#...#...#...#..
..(....# #########'########
.......# ######.................
######## #.........########.....
#.........+.# #.......
###########.........#.# #.......
.........##.........#.# #.......
..........######+#.##.# #.......
..........# #.#.##.# #.......


You could see 2 jackals.

Action                   || total
-------------------------++-------
Melee: Quarterstaff      ||   142
 Stab: Sleeping          ||     2
  Eat: Chunk             ||     3

Notes
Turn   | Place    | Note
--------------------------------------------------------------
     0 | D:1      | Duffy the Naga Wanderer began the quest for the Orb.
     0 | D:1      | Duffy set off with: a lamp of fire, a +0 quarterstaff, a +0 mace, a +0 robe, a bread ration
     0 | D:1      | Reached XP level 1. HP: 19/19 MP: 1/1
   437 | D:1      | Reached XP level 2. HP: 24/26 MP: 2/2
   735 | D:1      | Reached skill level 3 in Staves
  1238 | D:2      | Reached XP level 3. HP: 29/32 MP: 3/3
  1983 | D:2      | Reached skill level 4 in Staves
  2171 | D:2      | Noticed Jessica
  2182 | D:1      | Slain by a jackal

Vault maps used:
D:1:      co_arrival_random_square_maze
D:2:      minmay_misc_feat_alley, kennysheep_generic_room_16, uniq_jessica

Vanquished Creatures
  An adder
  2 worms
  A dart slug
  3 giant cockroaches
  6 goblins
  4 hobgoblins
  A jackal
  A quokka
  2 ball pythons
  5 bats
  A giant newt
  4 kobolds
  7 rats
38 creatures vanquished.
